 Dungeon Crawl Stone Soup version 0.30-a0-578-gdee14c521f (webtiles) character file.

Game seed: 2220316366705195471

570 mhtbhm the Covered (level 7, -4/64 HPs)
             Began as a Gargoyle Fighter on Dec 31, 2022.
             Was an Initiate of Qazlal.
             Slain by a killer bee (7 damage)
             ... on level 5 of the Dungeon.
             The game lasted 00:04:52 (3425 turns).

mhtbhm the Covered (Gargoyle Fighter)               Turns: 3425, Time: 00:04:53

Health: -4/64      AC: 23    Str: 22    XL:     7   Next: 34%
Magic:  7/7        EV:  2    Int:  8    God:    Qazlal [......]
Gold:   228        SH:  4    Dex:  9    Spells: 6/6 levels left

rFire   . . .      SeeInvis .    a - +0 flail
rCold   . . .      Faith    .    c - +0 buckler
rNeg    + . .      Spirit   .    (body armour currently unavailable)
rPois   ∞          Reflect  .    (helmet currently unavailable)
rElec   .          Harm     .    (cloak currently unavailable)
rCorr   .          Rampage  .    (gloves currently unavailable)
Will    .....      NoTele   +    (boots currently unavailable)
Stlth   +                        (no amulet)
HPRegen 0.30/turn                (no ring)
MPRegen 0.10/turn                (no ring)

@: tree-form
A: stationary, stasis, torment immunity, boosted hp, sickness immunity, AC +4,
negative energy resistance 1, (electricity resistance), torment resistance 1,
petrification resistance
a: Renounce Religion


You were on level 5 of the Dungeon.
You worshipped Qazlal.
Qazlal was noncommittal.
You were a tree.
You visited 2 branches of the dungeon, and saw 6 of its levels.

You collected 228 gold pieces.

Inventory:

Hand Weapons
 a - a +0 flail (weapon)
Missiles
 w - 2 throwing nets (quivered)
Armour
 b - a +0 scale mail (melded)
 c - a +0 buckler (worn)
 d - a +0 cloak (melded)
Jewellery
 n - a ring of fire
 o - a ring of magical power
 r - a ring of magical power
 y - a ring of see invisible
Wands
 s - a wand of flame (18)
Scrolls
 e - a scroll of noise {unknown}
 g - a scroll of amnesia {unknown}
 h - 2 scrolls of enchant armour {unknown}
 i - 2 scrolls of torment {unknown}
 j - a scroll of teleportation {unknown}
 l - a scroll of immolation
 m - a scroll of fog
 p - a scroll of silence {unknown}
 q - a scroll of poison
 z - a scroll of identify {unknown}
 A - a scroll of magic mapping {unknown}
Potions
 f - 2 potions of flight
 k - a potion of degeneration {unknown}
 t - a potion of brilliance {unknown}
 u - 3 potions of berserk rage {unknown}
 v - 2 potions of heal wounds {unknown}
 x - a potion of lignification


   Skills:
 + Level 4.1 Fighting
 + Level 4.6 Maces & Flails
 + Level 5.5 Armour
 + Level 2.0 Dodging
 + Level 1.1 Stealth
 + Level 4.3 Shields
 * Level 0.7 Invocations


You had 6 spell levels left.
You didn't know any spells.
Your spell library contained the following spells:

 Spells                   Type           Power      Damage    Failure   Level
 Necrotise                Necr           0%         1d4       50%         1
 Slow                     Hex            0%         N/A       50%         1
 Confusing Touch          Hex            0%         N/A       86%         3
 Vampiric Draining        Necr           0%         2d6       86%         3
 Agony                    Necr           0%         N/A       100%        5


Dungeon Overview and Level Annotations

Branches:
Dungeon (5/15)             Temple (1/1) D:4

Altars:
Ashenzari
Dithmenos
Elyvilon
Fedhas
Hepliaklqana
Kikubaaqudgha
Nemelex Xobeh
Okawaru
Qazlal
Ru
Sif Muna
Trog
Uskayaw
Vehumet
Xom
Yredelemnul
Zin
The Shining One


Innate Abilities, Weirdness & Mutations

You are a tree.
Your roots penetrate the ground, keeping you stationary.
You cannot be teleported.
You are immune to unholy pain and torment.
Your maximum health is greatly increased.
Your equipment is partially melded.
You are immune to sickness and miasma.
((Your stone body is resilient. (AC +4)))
You are immune to poison.
You resist negative energy. (rN+)
((You are resistant to electric shocks. (rElec)))
You are resistant to unholy torment.
You are immune to petrification.


Message History

You closely miss the killer bee.
The killer bee stings you but does no damage.
The killer bee stings you.
You miss the killer bee.
The killer bee stings you but does no damage. x2
The killer bee stings you.
You hit the killer bee.
The killer bee is lightly wounded.
The killer bee barely misses you. x2
You hit the killer bee.
The killer bee is heavily wounded.
The killer bee stings you but does no damage. x3
You closely miss the killer bee.
The killer bee is heavily wounded.
The killer bee stings you.
* * * LOW HITPOINT WARNING * * *
The killer bee stings you but does no damage.
You hit the killer bee.
The killer bee is heavily wounded.
The killer bee stings you.
* * * LOW HITPOINT WARNING * * *
You block the killer bee's attack. The killer bee stings you.
* * * LOW HITPOINT WARNING * * *
You hit the killer bee.
The killer bee is severely wounded.
The killer bee stings you but does no damage.
The killer bee closely misses you.
It was a potion of lignification.
You turn into a tree.
Your +0 cloak melds into your body.
Your +0 scale mail melds into your body.
Your roots penetrate the ground.
The killer bee stings you but does no damage. x2
You completely miss the killer bee.
The killer bee is severely wounded.
The killer bee stings you but does no damage. x2
You miss the killer bee.
The killer bee is severely wounded.
The killer bee stings you but does no damage.
The killer bee stings you!
You die...

.# .# #.###
##.... ##...#
#..#.######
#yy........
#y##....... #♣#
....... #.#
....... #.#
#######
###'#########+#
#..............
#..............
#..............
#.....#######+###
#......### #.#..


You could see 3 killer bees.

Vanquished Creatures
  2 scorpions
  2 hounds
  A jelly (D:5)
  Crazy Yiuf (D:2)
  Natasha (thrice) (D:3)
  An iguana (D:4)
  An orc wizard (D:3)
  3 gnolls (D:4)
  10 adders
  An ufetubus (D:4)
  A worm (D:2)
  4 orcs
  5 bats
  7 endoplasms
  4 giant cockroaches
  7 goblins
  8 hobgoblins
  3 jackals
  6 quokkas
  9 ball pythons
  4 frilled lizards
  2 kobolds (D:1)
  3 rats
88 creatures vanquished.

Notes
Turn   | Place    | Note
-------+----------+-------------------------------------------
     0 | D:1      | mhtbhm the Gargoyle Fighter began the quest for the Orb.
     0 | D:1      | Reached XP level 1. HP: 14/14 MP: 1/1
    89 | D:1      | Reached XP level 2. HP: 19/19 MP: 2/2
   476 | D:1      | Found a faded altar of an unknown god.
   644 | D:1      | Reached XP level 3. HP: 17/23 MP: 3/3
  1046 | D:2      | Reached skill level 4 in Armour
  1046 | D:2      | Reached XP level 4. HP: 28/28 MP: 4/4
  1077 | D:2      | Reached skill level 1 in Dodging
  1260 | D:2      | Reached skill level 1 in Stealth
  1272 | D:2      | Found a runed translucent door.
  1273 | D:2      | Noticed Crazy Yiuf
  1429 | D:2      | Killed Crazy Yiuf
  1430 | D:2      | Reached XP level 5. HP: 31/33 MP: 3/5
  1541 | D:3      | Noticed Natasha
  1549 | D:3      | Killed Natasha
  2053 | D:3      | Noticed Natasha
  2063 | D:3      | Killed Natasha
  2064 | D:3      | Reached skill level 5 in Armour
  2072 | D:3      | Reached XP level 6. HP: 38/38 MP: 6/6
  2200 | D:3      | Noticed Natasha
  2212 | D:3      | Killed Natasha
  2621 | D:4      | Reached XP level 7. HP: 30/43 MP: 7/7
  2890 | D:4      | Found a staircase to the Ecumenical Temple.
  2927 | Temple   | Entered the Ecumenical Temple
  3010 | Temple   | Became a worshipper of Qazlal Stormbringer
  3227 | D:5      | Entered Level 5 of the Dungeon
  3421 | D:5      | HP: 1/43 [killer bee (6)]
  3425 | D:5      | Slain by a killer bee

Illustrated notes

Levels and vault maps discovered:
D:1:      spicycebolla_arrival_xxxplode, layout_basic,
          shapermc_ecumenical_altar_mp_ritualfount
D:2:      layout_rooms, uniq_crazy_yiuf_cottage
D:3:      layout_loops_cross, uniq_natasha
D:4:      layout_rooms, minmay_temple_entry_steel_oval, minmay_starry_boxes
D:5:      layout_basic, gammafunk_ghost_mausoleum, abandoned_shop
Temple:   eino_narrow_crystal_temple

Skill      XL: |  1  2  3  4  5  6  7 |
---------------+----------------------+-----
Armour         | 4 5 |  5.5
Dodging        | 1 2 |  2.0
Stealth        | 1 |  1.1
Maces & Flails | 3 4 |  4.6
Shields        | 4 |  4.3
Fighting       | 4 |  4.1
Invocations    | |  0.7

Action                   |  1- 3 |  4- 6 |  7- 9 || total
-------------------------+-------+-------+-------++-------
Melee: Flail             |   120 |   189 |    95 ||   404
  Use: Potion            |     3 |     3 |     1 ||     7
       Scroll            |       |     2 |     3 ||     5
Armor: Scale mail        |   100 |   127 |    88 ||   315
       Skin              |       |       |     5 ||     5
Dodge: Dodged            |   108 |   112 |    53 ||   273
Block: Buckler           |    39 |    64 |    25 ||   128

Table legend: (Time is in decaauts)
 A = Elapsed time spent in this place.
 B = Non-inter-level travel time spent in this place.
 C = Inter-level travel time spent in this place.
 D = Time resting spent in this place.
 E = Time spent auto-exploring this place.
 F = Levels seen in this place.
 G = Mean time per level.
                   A        B        C        D        E       F      G
               +--------+--------+--------+--------+--------+-----+--------+
         Total |   3534 |   3461 |     73 |    421 |   2149 |   6 |  589.0 |
       Dungeon |   3394 |   3321 |     73 |    421 |   2043 |   5 |  678.8 |
        Temple |    139 |    139 |      0 |      0 |    106 |   1 |  139.0 |
               +--------+--------+--------+--------+--------+-----+--------+

Top non-repeatable levels by time:
     D:3: 1023 daAuts
     D:1: 803 daAuts
     D:2: 750 daAuts
     D:4: 612 daAuts
     D:5: 204 daAuts
  Temple: 139 daAuts
